 Dungeon Crawl Stone Soup version 0.24.1-8-ga250c9d538 (webtiles) character file.

Game seed: 11326840938182082509, levelgen mode: deterministic

30912 Gruesph the Basher (level 13, -2/82 HPs)
             Began as a Gargoyle Earth Elementalist on May 2, 2020.
             Was an Elder of Vehumet.
             Slain by a blink frog (14 damage)
             ... on level 4 of the Lair of Beasts.
             The game lasted 01:30:23 (22830 turns).

Gruesph the Basher (Gargoyle Earth Elementalist)   Turns: 22830, Time: 01:30:23

Health: -2/82      AC: 18    Str: 19    XL:     13   Next: 54%
Magic:  26/27      EV: 10    Int: 22    God:    Vehumet [****..]
Gold:   1120       SH: 10    Dex: 10    Spells: 11/32 levels left

rFire    + . .     SeeInvis .   a - +0 morningstar (freeze)
rCold    + . .     Gourm    .   v - +0 shield
rNeg     + . .     Faith    .   s - +2 robe {rC+ rF+}
rPois    ∞         Spirit   .   m - +0 helmet
rElec    +         Reflect  .   w - +2 cloak
rCorr    .         Harm     .   k - +0 pair of gloves
MR       .....                  (no boots)
Stlth    ++........             n - amulet of rage
HPRegen  0.23/turn              A - +5 ring of intelligence
MPRegen  0.20/turn              F - +3 ring of strength

@: no status effects
A: negative energy resistance 1, electricity resistance, unbreathing,
petrification resistance, rot immunity, AC +9
a: Renounce Religion, Evoke Berserk Rage


You were on level 4 of the Lair of Beasts.
You worshipped Vehumet.
Vehumet was greatly pleased with you.
You were hungry.

You visited 3 branches of the dungeon, and saw 17 of its levels.
You also visited: Sewer.

You collected 1120 gold pieces.

Inventory:

Hand Weapons
 a - a +0 morningstar of freezing (weapon)
Missiles
 b - 183 stones (quivered)
 t - a throwing net
 y - 38 poisoned darts
Armour
 k - a +0 pair of gloves (worn)
 m - a +0 helmet (worn)
 s - a +2 robe of resistance (worn)
 v - a +0 shield (worn)
 w - a +2 cloak (worn)
Jewellery
 n - an amulet of rage (around neck)
 A - a +5 ring of intelligence (left hand)
 F - a +3 ring of strength (right hand)
Wands
 h - a wand of polymorph (9)
 u - a wand of disintegration (6)
 z - a wand of flame (10)
 K - a wand of enslavement (7)
 L - a wand of scattershot (9)
 N - a wand of paralysis (26)
 P - a wand of iceblast (14)
Scrolls
 g - 3 scrolls of teleportation
 i - 8 scrolls of identify
 j - a scroll of magic mapping
 o - 2 scrolls of fear
 r - 10 scrolls of remove curse
 C - 2 scrolls of amnesia
 D - 4 scrolls of enchant armour
 E - a scroll of enchant weapon
 Q - a scroll of fog
Potions
 c - 5 potions of lignification
 d - 11 potions of curing
 e - 2 potions of resistance
 l - 3 potions of magic
 p - 3 potions of might
 q - 4 potions of haste
 x - 2 potions of brilliance
 B - 2 potions of agility
 G - 3 potions of berserk rage
 H - 3 potions of mutation
 I - 4 potions of ambrosia
 M - a potion of flight
 R - a potion of invisibility
Miscellaneous
 J - a box of beasts
Comestibles
 f - 12 rations
 O - 3 chunks of flesh


   Skills:
 - Level 10.0 Fighting
 + Level 12.4 Maces & Flails
 + Level 1.7 Dodging
 - Level 3.0 Stealth
 + Level 5.7 Shields
 - Level 10.0 Spellcasting
 - Level 5.0 Conjurations
 - Level 3.0 Charms
 - Level 2.0 Necromancy
 - Level 1.0 Transmutations
 - Level 10.0 Earth Magic
 - Level 5.0 Evocations


You had 11 spell levels left.
You knew the following spells:

 Your Spells              Type           Power        Failure   Level  Hunger
a - Sandblast             Erth           ######       1%          1    None
b - Stone Arrow           Conj/Erth      #####.       1%          3    None
c - Lee's Rapid Deconstr  Erth           ######....   2%          5    ####...
d - Regeneration          Chrm/Necr      ###.......   22%         3    None
e - Petrify               Tmut/Erth      #####...     21%         4    ##.....
f - Mephitic Cloud        Conj/Pois/Air  ###.....     9%          3    None
g - Passwall              Tmut/Erth      #####...     3%          2    None

Your spell library contained the following spells:

 Spells                   Type           Power        Failure   Level  Hunger
 Venom Bolt               Conj/Pois      ###.......   43%         5    ####...
 Magic Dart               Conj           ####         1%          1    None
 Searing Ray              Conj           ####..       1%          2    None
 Throw Frost              Conj/Ice       ###...       3%          2    None
 Freeze                   Ice            ##..         5%          1    None
 Infusion                 Chrm           ###.         6%          1    None
 Dazzling Spray           Conj/Hex       ###...       6%          3    None
 Iskenderun's Mystic Bla  Conj           ####....     7%          4    ##.....
 Song of Slaying          Chrm           ###.....     9%          2    None
 Ignite Poison            Fire/Tmut/Pois ##......     13%         3    None
 Shroud of Golubria       Chrm/Tloc      ###...       16%         2    None
 Inner Flame              Hex/Fire       ##......     16%         3    None
 Force Lance              Conj/Tloc      ###.....     17%         4    ##.....
 Fulminant Prism          Conj/Hex       ###.......   17%         4    ##.....
 Throw Icicle             Conj/Ice       ###.....     17%         4    ##.....
 Bolt of Magma            Conj/Fire/Erth ####......   17%         5    ####...
 Corona                   Hex            ##.....      21%         1    None
 Leda's Liquefaction      Hex/Erth       ####......   26%         4    ##.....
 Slow                     Hex            ##......     30%         2    None
 Ozocubu's Armour         Chrm/Ice       ###.....     32%         3    None
 Spectral Weapon          Hex/Chrm       ###.....     32%         3    None
 Iron Shot                Conj/Erth      #####.....   32%         6    ######.
 Fireball                 Conj/Fire      ###.......   43%         5    ####...
 Portal Projectile        Hex/Tloc       ##....       52%         3    None
 Cause Fear               Hex            ##........   89%         4    ##.....
 Summon Ice Beast         Ice/Summ       ##......     89%         4    ##.....
 Bolt of Fire             Conj/Fire      ###.......   92%         6    ######.
 Ring of Flames           Chrm/Fire      ###.......   100%        7    #######
 Ignition                 Fire           ##........   100%        8    #######
 Shatter                  Erth           ######....   100%        9    #######
 Statue Form              Tmut/Erth      Unusable     N/A         6    N/A

Dungeon Overview and Level Annotations

Branches:
Dungeon (11/15)            Temple (1/1) D:5            Lair (5/6) D:11
 Shoals (0/4) Lair:3       Spider (0/4) Lair:2          Orc (0/2) D:9
  Sewer (visited)
  Slime: Lair:5-6

Altars:
Ashenzari
Cheibriados
Dithmenos
Elyvilon
Fedhas
Gozag
Hepliaklqana
Kikubaaqudgha
Makhleb
Nemelex Xobeh
Okawaru
Qazlal
Ru
Sif Muna
Trog
Uskayaw
Vehumet
Wu Jian
Xom
Yredelemnul
Zin
The Shining One


Innate Abilities, Weirdness & Mutations

You are resistant to torment.
Your stone body is resilient. (AC +9)
You are immune to poison.
You resist negative energy. (rN+)
You are resistant to electric shocks. (rElec)
You can survive without breathing.
You are immune to petrification.
You are immune to rotting.


Message History

The spiny frog is severely wounded.
You block the spiny frog's attack.
You hit the spiny frog but do no damage.
The spiny frog is severely wounded.
The spiny frog closely misses you.
You barely miss the spiny frog.
The spiny frog is severely wounded.
The spiny frog stings you! The blink frog hits you.
* * * LOW HITPOINT WARNING * * *
You closely miss the blink frog.
The blink frog is severely wounded.
The spiny frog stings you but does no damage.
The blink frog hits you but does no damage.
You hit the blink frog.
The blink frog seems to slow down.
You freeze the blink frog.
The blink frog is severely wounded.
The spiny frog stings you!
* * * LOW HITPOINT WARNING * * *
The blink frog hits you!
You die...

......#
#.#.#..###.....P....
.....##
##..................
PPP###
##................. P###
#................. ##
#................. #
###..............##P #
#.................#. #
###F..............## #
#@F..............# #
#.÷..............# ##
#..>.............. .#
##>................ ##
#####..............#...
###..##..................
#.....##...............##
#....###...............##
#....P#................#


You could see a spiny frog and a blink frog.

Vanquished Creatures
  2 hydras
  A two-headed ogre (D:10)
  An ugly thing (D:10)
  A cyclops (D:11)
  3 black mambas
  11 elephants
  10 spiny frogs
  A gargoyle (D:11)
  5 komodo dragons
  5 jumping spiders (Lair:2)
  3 trolls
  6 polar bears
  Grinder (D:4)
  A hornet (D:11)
  A snapping turtle (Lair:3)
  11 blink frogs
  6 hippogriffs
  A wraith (D:11)
  3 redbacks (Lair:2)
  A wyvern (Lair:1)
  A vampire (D:11)
  2 basilisks
  21 yaks
  A wyvern (shapeshifter) (D:11)
  2 hungry ghosts
  Menkaure (D:4)
  8 water moccasins
  5 porcupines
  5 orc warriors
  3 ice beasts
  6 ogres
  A swamp drake (D:9)
  2 phantoms
  10 wolves
  A centaur (D:8)
  4 crocodiles
  Blork the orc (D:4)
  9 bullfrogs
  A water moccasin zombie (D:5)
  2 scorpions
  6 killer bees (D:7)
  4 wights (D:8)
  2 electric eels (D:5)
  3 howler monkeys
  2 bullfrog zombies
  3 centaur zombies
  4 crimson imps
  3 quasits
  5 hounds
  3 jellies
  Crazy Yiuf (D:4)
  8 orc wizards
  4 bullfrog skeletons
  2 centaur skeletons
  9 orc priests
  2 iguanas
  8 worker ants
  A killer bee zombie (D:7)
  2 hound skeletons
  2 worker ant zombies
  Robin (D:4)
  15 adders
  A river rat (Sewer)
  A hound simulacrum (D:11)
  5 shadow imps
  An ooze (D:1)
  An adder skeleton (D:8)
  6 worms
  7 leopard geckos
  39 orcs
  9 bats
  11 giant cockroaches
  11 goblins
  9 hobgoblins
  7 jackals
  7 kobolds
  4 quokkas
  9 ball pythons
  13 frilled lizards
  A leopard gecko skeleton (D:5)
  A leopard gecko zombie (D:8)
  A quokka zombie (D:9)
  22 rats
416 creatures vanquished.

Vanquished Creatures (others)
  A wizard (D:3)
  10 fungi (Lair:2)
  7 plants
18 creatures vanquished.

Grand Total: 434 creatures vanquished

Notes
Turn   | Place    | Note
-------+----------+-------------------------------------------
     0 | D:1      | Gruesph the Gargoyle Earth Elementalist began the quest for
                  | the Orb.
     0 | D:1      | Reached XP level 1. HP: 10/10 MP: 3/3
   297 | D:1      | Reached XP level 2. HP: 12/16 MP: 3/5
   390 | D:1      | Reached skill level 1 in Fighting
   730 | D:1      | Reached XP level 3. HP: 20/20 MP: 6/6
  1099 | D:1      | Learned a level 2 spell: Passwall
  1103 | D:1      | Learned a level 3 spell: Stone Arrow
  2203 | D:2      | Reached skill level 1 in Transmutations
  2222 | D:2      | Reached XP level 4. HP: 25/26 MP: 7/7
  2486 | D:2      | Found a bloodstained altar of Trog.
  2643 | D:2      | Reached skill level 1 in Conjurations
  3052 | D:2      | Found a bloodstained altar of Trog.
  3439 | D:3      | Reached XP level 5. HP: 31/31 MP: 5/8
  3826 | D:3      | Found a bloodstained altar of Trog.
  3827 | D:3      | Noticed a wizard
  3833 | D:3      | Killed a wizard
  3873 | D:3      | Reached skill level 5 in Earth Magic
  4459 | D:4      | Noticed Menkaure
  4471 | D:4      | Killed Menkaure
  4471 | D:4      | Reached XP level 6. HP: 14/37 MP: 7/10
  4572 | D:4      | Learned a level 5 spell: Lee's Rapid Deconstruction
  4907 | D:4      | Noticed Robin
  4928 | D:4      | Found an opulent altar of Gozag.
  4942 | D:4      | Killed Robin
  4942 | D:4      | Reached XP level 7. HP: 37/42 MP: 2/12
  5069 | D:4      | Noticed Blork the orc
  5078 | D:4      | Killed Blork the orc
  5536 | D:4      | Found a runed translucent door.
  5538 | D:4      | Noticed Crazy Yiuf
  5542 | D:4      | Killed Crazy Yiuf
  5613 | D:4      | Noticed Grinder
  5614 | D:4      | Paralysed by Grinder for 2 turns
  5622 | D:4      | Killed Grinder
  5622 | D:4      | Reached skill level 5 in Fighting
  5622 | D:4      | Reached XP level 8. HP: 45/49 MP: 2/14
  5628 | D:4      | Learned a level 4 spell: Petrify
  6033 | D:5      | Entered Level 5 of the Dungeon
  6183 | D:5      | Found a staircase to the Ecumenical Temple.
  6192 | Temple   | Entered the Ecumenical Temple
  6341 | Temple   | Became a worshipper of Vehumet
  6439 | D:5      | Found a transporter.
  6482 | D:5      | Reached skill level 5 in Spellcasting
  6678 | D:4      | Reached skill level 1 in Maces & Flails
  7076 | D:5      | Found a transporter.
  7189 | D:5      | Found a shattered altar of Ashenzari.
  7356 | D:5      | Reached skill level 2 in Maces & Flails
  7635 | D:6      | Found a glowing drain.
  7660 | D:6      | Reached * piety under Vehumet
  7660 | D:6      | Offered knowledge of Flame Tongue by Vehumet.
  7682 | Sewer    | Entered a sewer
  8267 | D:6      | Reached ** piety under Vehumet
  8271 | D:6      | Offered knowledge of Shock by Vehumet.
  8271 | D:6      | Reached skill level 1 in Evocations
  8271 | D:6      | Reached XP level 9. HP: 56/56 MP: 14/16
  8475 | D:6      | Reached skill level 3 in Maces & Flails
  8592 | D:6      | Found a stormy altar of Qazlal.
  9461 | D:7      | Reached skill level 4 in Maces & Flails
  9926 | D:8      | Offered knowledge of Mephitic Cloud by Vehumet.
  9931 | D:8      | Learned a level 3 spell: Mephitic Cloud
  9952 | D:8      | Found a sparkling altar of Nemelex Xobeh.
  9955 | D:8      | Found a hide-covered altar of Uskayaw.
 10211 | D:8      | Reached *** piety under Vehumet
 10261 | D:8      | Reached XP level 10. HP: 47/64 MP: 6/17
 10380 | D:8      | Found a sacrificial altar of Ru.
 10527 | D:8      | Reached skill level 5 in Maces & Flails
 11060 | D:9      | Offered knowledge of Airstrike by Vehumet.
 11060 | D:9      | Reached skill level 10 in Earth Magic
 11564 | D:9      | Reached skill level 6 in Maces & Flails
 11564 | D:9      | Reached skill level 5 in Evocations
 12007 | D:9      | Reached **** piety under Vehumet
 12015 | D:9      | Found a staircase to the Orcish Mines.
 12036 | D:9      | Offered knowledge of Irradiate by Vehumet.
 12276 | D:10     | Entered Level 10 of the Dungeon
 12496 | D:10     | Reached XP level 11. HP: 71/71 MP: 9/20
 12921 | D:10     | Reached skill level 7 in Maces & Flails
 12985 | D:10     | Noticed a two-headed ogre
 12989 | D:10     | Killed a two-headed ogre
 12989 | D:10     | Reached skill level 10 in Fighting
 13279 | D:11     | Noticed a cyclops
 13304 | D:11     | Killed a cyclops
 13306 | D:11     | Noticed a green ugly thing
 13415 | D:10     | Killed a green ugly thing
 13831 | D:11     | Reached skill level 8 in Maces & Flails
 14341 | D:11     | Noticed an eight-headed hydra
 14348 | D:11     | Killed an eight-headed hydra
 14426 | D:11     | Found a staircase to the Lair.
 14745 | Lair:1   | Entered Level 1 of the Lair of Beasts
 14748 | Lair:1   | Reached skill level 9 in Maces & Flails
 14772 | D:11     | Reached ***** piety under Vehumet
 14772 | D:11     | Offered knowledge of Venom Bolt by Vehumet.
 15347 | D:11     | Learned a level 3 spell: Regeneration
 15486 | Lair:1   | Reached skill level 1 in Charms
 15547 | Lair:1   | Reached XP level 12. HP: 77/77 MP: 17/24
 15924 | Lair:1   | HP: 3/115 [crocodile (10)]
 16877 | Lair:1   | Reached skill level 10 in Maces & Flails
 16877 | Lair:1   | Reached skill level 1 in Necromancy
 17047 | Lair:2   | Noticed a four-headed hydra
 17055 | Lair:1   | Killed a four-headed hydra
 17863 | Lair:2   | Found a hole to the Spider Nest.
 18108 | Lair:2   | Reached skill level 5 in Conjurations
 18742 | Lair:2   | Reached skill level 10 in Spellcasting
 18836 | Lair:1   | Reached skill level 11 in Maces & Flails
 18846 | Lair:1   | Reached XP level 13. HP: 50/82 MP: 5/27
 19305 | Lair:3   | Reached skill level 1 in Shields
 19768 | Lair:3   | Found a staircase to the Shoals.
 20708 | Lair:3   | Found a staircase to the Shoals.
 21449 | Lair:3   | Found a staircase to the Shoals.
 21605 | Lair:3   | Reached skill level 12 in Maces & Flails
 22104 | Lair:4   | Reached skill level 5 in Shields
 22830 | Lair:4   | Slain by a blink frog

Levels and vault maps discovered:
D:1:      nzn_arrival_depleted_hourglass, layout_basic
D:2:      layout_loops_cross, lemuel_doored_altar
D:3:      layout_basic, fountainhead, chequers_serial_rivers_micro_c,
          hangedman_decor_clover_reticule, trog_wizard
D:4:      layout_basic, nicolae_gozag_seed_capital, first_ration, uniq_grinder,
          uniq_blork_the_orc, uniq_crazy_yiuf_cottage, uniq_robin, uniq_menkaure
D:5:      gammafunk_steamed_eel, layout_basic, minmay_temple_entry_junction,
          cheibrodos_ashenzari_chains
D:6:      layout_loops_cross, old_standard_altar, gup_sewer_entry_pipe
D:7:      layout_loops_ring
D:8:      layout_basic, minitemple, nicolae_overflow_crystal_walls
D:9:      layout_rooms, erik_orc_1
D:10:     layout_loops_cross
D:11:     minmay_inside_and_out, layout_long_grid
Temple:   regret_index_temple_sphere_string
Lair:1:   layout_regular_city, serial_bayou_pond_a, minivault_19,
          cheibrodos_lair_lostbears
Lair:2:   layout_chaotic_city, nicolae_spider_entry_tight_spaces
Lair:3:   layout_gridlike, minmay_shoals_entry_hut, grunt_megastairs_4
Lair:4:   layout_gridlike, beast_lair_carwin_10
Lair:5:   layout_gridlike, minmay_slime_entry_oklob_open,
          maelrawn_ghost_gauntlet_escape, infiniplex_staircase_pool

Skill      XL: |  1  2  3  4  5  6  7  8  9 10 11 12 13 |
---------------+----------------------------------------+-----
Fighting       | 1 2 3 5 6 8 9 10 | 10.0
Earth Magic    | 4 5 7 8 9 10 | 10.0
Stealth        | 3 |  3.0
Transmutations | 1 |  1.0
Conjurations   | 1 2 5 |  5.0
Spellcasting   | 3 4 5 6 8 10 | 10.0
Maces & Flails | 2 4 6 9 11 12 | 12.4
Evocations     | 1 3 5 |  5.0
Charms         | 1 3 |  3.0
Necromancy     | 2 |  2.0
Shields        | 5 |  5.7
Dodging        | |  1.7

Action                   |  1- 3 |  4- 6 |  7- 9 | 10-12 | 13-15 || total
-------------------------+-------+-------+-------+-------+-------++-------
Melee: Unarmed           |    18 |       |       |       |       ||    18
       Whip              |    16 |       |       |    35 |    38 ||    89
       Mace              |    85 |    50 |       |       |       ||   135
       Flail             |       |    85 |   352 |   209 |       ||   646
       Morningstar       |       |       |       |       |   108 ||   108
Throw: Stone             |     1 |     2 |     1 |     6 |       ||    10
 Cast: Sandblast         |    25 |    39 |    90 |   139 |    32 ||   325
       Stone Arrow       |     3 |     9 |    22 |    67 |    22 ||   123
       Lee's Rapid Decon |       |       |     9 |    88 |    25 ||   122
       Regeneration      |       |       |       |     4 |     4 ||     8
Evoke: Wand              |       |       |     2 |     1 |       ||     3
  Use: Scroll            |       |     8 |    11 |     7 |     5 ||    31
       Potion            |       |       |       |     3 |     1 ||     4
 Stab: Sleeping          |     2 |       |     7 |     4 |     1 ||    14
  Eat: Chunk             |     2 |    10 |    20 |    23 |    11 ||    66
       Ration            |     1 |       |     1 |     7 |     2 ||    11
Armor: Robe              |    38 |       |   173 |   200 |    73 ||   484
       Leather armour    |     6 |   128 |    13 |       |       ||   147
       Skin              |       |       |       |    17 |       ||    17
Dodge: Dodged            |   111 |   141 |   272 |   227 |    56 ||   807
Block: Shield            |       |    28 |       |       |    51 ||    79
